 Dungeon Crawl Stone Soup version 0.29.1-15-g9cfb28693d (webtiles) character file.

Game seed: 6795340188876877513

427 Alturiack the Stinger (level 6, -4/28 HPs)
             Began as a Spriggan Venom Mage on Apr 11, 2023.
             Slain by Duvessa
             ... wielding a +0 rapier
              (8 damage)
             ... on level 4 of the Dungeon.
             The game lasted 00:21:42 (5852 turns).

Alturiack the Stinger (Spriggan Venom Mage)         Turns: 5852, Time: 00:21:43

Health: -4/28      AC: 11    Str:  4    XL:     6   Next: 65%
Magic:  13/13      EV: 19    Int: 18    God:
Gold:   167        SH:  0    Dex: 16    Spells: 10/13 levels left

rFire   . . .      SeeInvis +   g - +0 sling
rCold   . . .      Faith    .   (no shield)
rNeg    . . .      Spirit   .   a - +0 robe
rPois   .          Reflect  .   (helmet restricted)
rElec   .          Harm     .   v - +0 cloak
rCorr   .          Rampage  .   (gloves unavailable)
Will    +....                   (boots unavailable)
Stlth   ++........              (no amulet)
HPRegen 0.09/turn               r - +4 ring of protection
MPRegen 0.13/turn               y - +4 ring of protection

@: very quick
A: very small, no large weapons, unfitting armour, see invisible, speed 3
a: no special abilities


You were on level 4 of the Dungeon.
You visited 1 branch of the dungeon, and saw 4 of its levels.

You collected 167 gold pieces.

Inventory:

Hand Weapons
 g - a +0 sling (weapon)
Missiles
 m - 2 throwing nets
Armour
 a - a +0 robe (worn)
 v - a +0 cloak (worn)
Jewellery
 r - a +4 ring of protection (left hand)
 y - a +4 ring of protection (right hand)
Wands
 x - a wand of polymorph (2)
Scrolls
 d - 6 scrolls of identify {unknown}
 e - a scroll of fog {unknown}
 j - a scroll of amnesia {unknown}
 k - a scroll of poison {unknown}
 l - 2 scrolls of fear {unknown}
 n - a scroll of torment {unknown}
 q - a scroll of immolation {unknown}
 t - a scroll of vulnerability {unknown}
Potions
 b - a potion of magic
 c - 4 potions of curing {unknown}
 f - 2 potions of invisibility {unknown}
 h - a potion of lignification {unknown}
 i - a potion of attraction {unknown}
 o - a potion of ambrosia {unknown}
 p - 3 potions of mutation {unknown}
 s - a potion of resistance {unknown}
 u - a potion of cancellation {unknown}
 w - 2 potions of heal wounds {unknown}


   Skills:
 - Level 2.7 Ranged Weapons
 + Level 4.7 Dodging
 - Level 3.0 Stealth
 + Level 4.3 Spellcasting
 - Level 2.9 Transmutations
 * Level 5.0 Poison Magic


You had 10 spell levels left.
You knew the following spells:

 Your Spells              Type           Power      Damage    Failure   Level
a - Sting                 Tmut/Pois      72%        1d6       2%          1
b - Poisonous Vapours     Pois/Air       26%        N/A       8%          2

Your spell library contained the following spells:

 Spells                   Type           Power      Damage    Failure   Level
 Summon Small Mammal      Summ           12%        N/A       14%         1
 Ignite Poison            Fire/Tmut/Pois 13%        N/A       14%         3
 Olgreb's Toxic Radiance  Pois           22%        N/A       19%         4
 Mephitic Cloud           Conj/Pois/Air  10%        N/A       22%         3
 Call Canine Familiar     Summ           3%         N/A       38%         3
 Inner Flame              Hex/Fire       3%         N/A       38%         3
 Summon Guardian Golem    Hex/Summ       3%         N/A       38%         3
 Cause Fear               Hex            1%         N/A       80%         4
 Freezing Cloud           Conj/Ice/Air   1%         6-21      98%         5
 Discord                  Hex            1%         N/A       100%        8


Dungeon Overview and Level Annotations

Branches:
Dungeon (4/15)             Temple (0/1) D:4

Altars:
Elyvilon

Shops:
D:3 !

Annotations:
D:4 Duvessa


Innate Abilities, Weirdness & Mutations

You are very small and have problems with some larger weapons.
You are too small for most types of armour.
You have supernaturally acute eyesight. (SInv)
You cover ground extremely quickly. (Speed+++)


Message History

You see here a +0 whip.
There is a stone staircase leading up here.
There is a stone staircase leading up here.
You see here 2 yellow potions.
Casting: Sting (safe; 2% risk of failure)
Confirm with . or Enter, or press ? or * to list all spells.
Aiming: Sting (safe; 2% risk of failure)
Press: ? - help, Shift-Dir - straight line, f - ball python
Aim: a ball python (asleep, 100% to hit)
The sting hits the ball python.
The ball python is poisoned.
You kill the ball python!
p - 3 yellow potions (gained 2)
You now have 167 gold pieces (gained 15).
You pick up a book of Hexes and begin reading...
You add the spells Inner Flame, Cause Fear and Discord to your library.
There is a stone staircase leading down here.
Done exploring.
Done exploring.
Done exploring.
There is a stone staircase leading down here.
You climb downwards.
There is a stone staircase leading up here.
Done exploring.
You see here a +0 club.
Things that are here:
5 stones; a +0 club
There is a stone staircase leading down here.
You climb downwards.
Level annotation: Duvessa Duvessa closely misses you.
Duvessa hits you with a +0 rapier!
There is a stone staircase leading up, spattered with blood here.
Duvessa hits you with a +0 rapier!
* * * LOW HITPOINT WARNING * * *
Duvessa misses you.
There is a stone staircase leading up here.
Duvessa completely misses you.
Duvessa rages.
You see here the +0 helmet of Lugonu's Favour {Str+5}.
Duvessa hits you with a +0 rapier!
You die...

...........#..##....##....##..###
###..#..#....###...####.#######
##...#..###........######
...###..(............#
.................<...#
###...#..............#
#####.............##
##.........e.## ##.......@[..##
#..##.<......# ##...........#
#...#.#.....# #..#.####..## #####
###


You could see Duvessa (berserk).

Vanquished Creatures
  A necrophage (D:4)
  Dowan (D:4)
  An orc priest (D:3)
  Crazy Yiuf (D:3)
  2 orc wizards (D:3)
  Robin (D:4)
  7 adders
  3 gnolls (D:2)
  2 worms (D:2)
  A dart slug (D:1)
  7 orcs
  6 ball pythons
  3 bats
  3 endoplasms
  2 giant cockroaches (D:2)
  19 goblins
  7 hobgoblins
  2 jackals (D:3)
  9 kobolds
  4 quokkas
  5 frilled lizards
  2 rats
89 creatures vanquished.

Notes
Turn   | Place    | Note
-------+----------+-------------------------------------------
     0 | D:1      | Alturiack the Spriggan Venom Mage began the quest for the
                  | Orb.
     0 | D:1      | Reached XP level 1. HP: 9/9 MP: 5/5
   284 | D:1      | Reached XP level 2. HP: 13/13 MP: 4/7
  1023 | D:2      | Reached XP level 3. HP: 16/16 MP: 4/8
  1153 | D:2      | Reached skill level 1 in Ranged Weapons
  1361 | D:2      | Learned a level 2 spell: Poisonous Vapours
  1369 | D:2      | Reached XP level 4. HP: 21/21 MP: 5/10
  1451 | D:2      | You fall into a shaft and drop 1 floor!
  1451 | D:3      | Found Hoelis's Distillery.
  1621 | D:3      | Found a runed translucent door.
  1622 | D:3      | Noticed Crazy Yiuf
  2071 | D:3      | Reached skill level 4 in Poison Magic
  2247 | D:3      | Found a white marble altar of Elyvilon.
  2252 | D:3      | Reached XP level 5. HP: 24/24 MP: 8/11
  2981 | D:3      | Killed Crazy Yiuf
  3170 | D:4      | Noticed Dowan
  3174 | D:4      | Noticed Duvessa
  3217 | D:4      | Killed Dowan
  3218 | D:4      | Reached XP level 6. HP: 28/28 MP: 0/13
  3245 | D:4      | Noticed Robin
  3742 | D:4      | Killed Robin
  3815 | D:4      | HP: 1/28 [Duvessa/+0 rapier (5)]
  4177 | D:4      | Identified the +0 helmet of Lugonu's Favour {Str+5}
  4617 | D:4      | Found a staircase to the Ecumenical Temple.
  5048 | D:2      | Found a faded altar of an unknown god.
  5074 | D:2      | Reached skill level 5 in Poison Magic
  5852 | D:4      | Slain by Duvessa

Illustrated notes

Levels and vault maps discovered:
D:1:      dpeg_arrival_stonehenge_12_columns, layout_basic
D:2:      minmay_general_purpose_star, layout_loops_ring,
          ebering_ecumenical_altar_hall, item_on_display_a
D:3:      layout_basic, mainiacjoe_overflow_tiny_flanked, serial_shops, shop,
          uniq_crazy_yiuf_cottage
D:4:      layout_cave_pools, minmay_temple_entry_tees, minivault_11, hex_tiny,
          uniq_duvessa, uniq_robin

Skill      XL: |  1  2  3  4  5  6 |
---------------+-------------------+-----
Dodging        | 3 4 |  4.7
Spellcasting   | 3 4 |  4.3
Ranged Weapons | 1 2 |  2.7
Transmutations | 2 |  2.9
Poison Magic   | 4 5 |  5.0
Stealth        | |  3.0

Action                   |  1- 3 |  4- 6 || total
-------------------------+-------+-------++-------
 Fire: Sling             |    39 |    85 ||   124
 Cast: Sting             |    36 |    39 ||    75
       Poisonous Vapours |     1 |    88 ||    89
Armor: Robe              |     1 |     9 ||    10
Dodge: Dodged            |    15 |    51 ||    66
